 Dungeon Crawl Stone Soup version 0.21-a0-401-g0b6bec4 (webtiles) character file.

26 riteheju the Sneak (level 2, 0/14 HPs)
             Began as a Spriggan Assassin on Oct 25, 2017.
             Slain by a hobgoblin
             ... wielding a +0 hand axe
              (3 damage)
             ... on level 1 of the Dungeon.
             The game lasted 00:04:26 (1098 turns).

riteheju the Sneak (Spriggan Assassin)              Turns: 1098, Time: 00:04:27

Health: 0/14       AC:  3    Str:  7    XL:     2   Next: 89%
Magic:  3/3        EV: 17    Int: 12    God:
Gold:   45         SH:  0    Dex: 17    Spells: 1/1 levels left

rFire    . . .     SeeInvis +   k - -1 dagger (curse)
rCold    . . .     Gourm    .   (shield restricted)
rNeg     . . .     Faith    .   c - +0 robe
rPois    .         Spirit   .   (helmet restricted)
rElec    .         Reflect  .   d - +0 cloak
rCorr    .         Harm     .   (gloves unavailable)
MR       .....                  (boots unavailable)
Stlth    ++++......             (no amulet)
HPRegen  0.04/turn              (no ring)
MPRegen  0.08/turn              (no ring)

@: very quick
A: unfitting armour, see invisible, herbivore 3, speed 3, slow metabolism 2
a: no special abilities


You were on level 1 of the Dungeon.
You were not hungry.

You visited 1 branch of the dungeon, and saw 2 of its levels.

You collected 45 gold pieces.

Inventory:

Hand Weapons
 a - a +3 dagger
 b - a +0 blowgun
 k - a cursed -1 dagger (weapon)
Missiles
 e - 8 poisoned needles
 f - 2 curare-tipped needles
 h - 17 arrows
 i - a stone (quivered)
Armour
 c - a +0 robe (worn)
 d - a +0 cloak (worn)
Potions
 j - a potion of magic {unknown}
 l - a potion of lignification {unknown}
Comestibles
 g - a bread ration


   Skills:
 - Level 1.5 Fighting
 + Level 2.7 Short Blades
 - Level 2.0 Throwing
 + Level 1.7 Dodging
 + Level 6.9 Stealth


You had one spell level left.
You didn't know any spells.

Dungeon Overview and Level Annotations

Branches:
Dungeon (2/15)

Altars:
Ashenzari


Innate Abilities, Weirdness & Mutations

You are very small and have problems with some larger weapons.
You are too small for most types of armour.
You have supernaturally acute eyesight. (SInv)
You are a herbivore.
You cover ground extremely quickly.
You need consume almost no food.


Message History

You hit the hobgoblin but do no damage.
The hobgoblin is moderately wounded.
The hobgoblin barely misses you.
You hit the hobgoblin but do no damage.
The hobgoblin is moderately wounded.
The hobgoblin hits you with a hand axe. The hobgoblin misses you.
You hit the hobgoblin but do no damage.
The hobgoblin is moderately wounded.
The hobgoblin is no longer moving quickly.
The hobgoblin hits you but does no damage.
You hit the hobgoblin but do no damage.
The hobgoblin is moderately wounded.
The hobgoblin hits you with a hand axe.
* * * LOW HITPOINT WARNING * * *
You barely miss the hobgoblin.
The hobgoblin is moderately wounded.
You hit the hobgoblin but do no damage.
The hobgoblin is moderately wounded.
The hobgoblin hits you with a hand axe.
You die...

#.#......#...#.......#.......#
#.#.....##..†##......#.##'##.#
#.#.....#.....#......#.#...#..
#.#.....#.....#........#.⌠.#..
#...###.###.##########.#...#..
#.......# #.###### #.##+##..
#######.# #......# #.....(.#
#.# ###....# ####..#### #.#
#@...# ##.....#... #.#
#.g..###.......... #.#
#....##........... #.#
#...(##........... #.#
#....##........... #.#
#....##...........
####.######.#.##...........
##....#...##...........)....
##.............#.###.....#...


You could see a hobgoblin.

Vanquished Creatures
  A dart slug (D:1)
  2 ball pythons
  6 goblins (D:1)
  3 kobolds (D:1)
  7 bats (D:1)
  A frilled lizard (D:1)
  5 rats
25 creatures vanquished.

Notes
Turn   | Place    | Note
-------+----------+-------------------------------------------
     0 | D:1      | riteheju the Spriggan Assassin began the quest for the Orb.
     0 | D:1      | Reached XP level 1. HP: 10/10 MP: 2/2
    46 | D:1      | Reached skill level 6 in Stealth
   102 | D:1      | Found a shattered altar of Ashenzari.
   149 | D:1      | Reached XP level 2. HP: 14/14 MP: 3/3
  1098 | D:1      | Slain by a hobgoblin

Vault maps used:
D:1:      saegor_arrival_under_anarchy, minmay_misc_feat_room,
          nicolae_ashenzari_panopticon
D:2:      lemuel_flame_loot_1, uniq_terence, uniq_crazy_yiuf_cottage

Skill      XL: |  1 |
---------------+----+-----
Stealth        | 6 |  6.9
Fighting       | |  1.5
Short Blades   | |  2.7
Throwing       | |  2.0
Dodging        | |  1.7

Action                   || total
-------------------------++-------
Melee: Dagger            ||   111
Throw: Stone             ||     1
  Use: Scroll            ||     1
 Stab: Sleeping          ||     9
Armor: Robe              ||    17
Dodge: Dodged            ||    85

Table legend:
 A = Spawn XP
 B = Non-spawn XP
 C = Spawn XP percentage of total XP
 D = Spawn monster count
 E = Non-spawn monster count
 F = Spawn count percentage of total count
 G = Total turns spent on level
                    A         B        C        D         E        F      G
               +---------+---------+-------+---------+---------+-------+---------
         Total |       0 |      38 |   0.0 |       0 |      25 |   0.0 |  1098
               +---------+---------+-------+---------+---------+-------+---------
           D:1 |       0 |      36 |   0.0 |       0 |      23 |   0.0 |  1017
           D:2 |       0 |       2 |   0.0 |       0 |       2 |   0.0 |    81
               +---------+---------+-------+---------+---------+-------+---------
